 Dungeon Crawl Stone Soup version 0.31.0-11-ge490571c62 (webtiles) character file.

Game seed: 13371386700555655005

373 qw the Skirmisher (level 6, -2/36 HPs)
             Began as a Deep Elf Hunter on Feb 4, 2024.
             Slain by an orc priest
             ... wielding a +0 flail
              (4 damage)
             ... on level 4 of the Dungeon.
             The game lasted 00:00:11 (3177 turns).

qw the Skirmisher (Deep Elf Hunter)                 Turns: 3177, Time: 00:00:12

Health: -2/36      AC:  9    Str: 10    XL:     6   Next: 43%
Magic:  8/8        EV: 12    Int: 14    God:
Gold:   263        SH:  0    Dex: 24    Spells: 5/5 levels left

rFire   . . .        a - +0 shortbow
rCold   . . .        (shield currently unavailable)
rNeg    . . .        l - +0 ring mail
rPois   .            (no helmet)
rElec   .            (no cloak)
rCorr   .            (no gloves)
SInv    .            (no boots)
Will    .....        (no amulet)
Stlth   ++           h - +6 ring of dexterity
HPRegen 0.26/turn    i - +4 ring of protection
MPRegen 0.11/turn

%: no passive effects
@: no status effects
A: no striking features
a: no special abilities


You were on level 4 of the Dungeon.
You visited 1 branch of the dungeon, and saw 4 of its levels.

You collected 263 gold pieces.


   Skills:
 - Level 2.4 Fighting
 + Level 9.4 Ranged Weapons
 - Level 3.3 Dodging
 - Level 1.2 Stealth


You had 5 spell levels left.
You didn't know any spells.
Your spell library was empty.

Inventory:

Hand Weapons
 a - a +0 shortbow (weapon)
Armour
 l - a +0 ring mail (worn)
Jewellery
 h - a +6 ring of dexterity (left hand)
 i - a +4 ring of protection (right hand)
Scrolls
 d - a scroll of identify
Potions
 b - a potion of curing
 c - a potion of mutation
 f - a potion of enlightenment
 g - a potion of resistance

Dungeon Overview and Level Annotations

Branches:
Dungeon (4/15)
 Temple: D:4-7

Altars:
Vehumet


Message History

The orc priest closely misses you.
The orc priest hits you but does no damage.
The orc wizard hits you but does no damage.
You shoot an arrow.
The arrow closely misses the orc wizard.
The orc priest hits you with a +0 flail.
The orc priest hits you with a +0 dagger.
The orc wizard hits you but does no damage.
You shoot an arrow. The arrow hits the orc wizard.
The orc wizard is almost dead.
The orc priest barely misses you.
The orc wizard hits you but does no damage.
The orc priest barely misses you.
You shoot an arrow. The arrow hits the orc wizard.
You kill the orc wizard!
The orc priest hits you but does no damage.
The orc priest invokes the aid of Beogh against you.
Beogh smites you!
You shoot an arrow. The arrow hits the orc priest.
The orc priest is lightly wounded.
The orc priest misses you.
The orc priest calls down the wrath of Beogh upon you.
Pain shoots through your body!
You shoot an arrow. The arrow barely misses the orc priest.
The orc priest hits you with a +0 flail.
The orc priest hits you but does no damage.
You shoot an arrow. The arrow hits the orc priest!
The orc priest is severely wounded.
The orc priest closely misses you.
The orc priest hits you with a +0 dagger.
You shoot an arrow.
The arrow hits the orc priest but does no damage.
The orc priest is severely wounded.
The orc priest closely misses you.
The orc priest hits you but does no damage.
You shoot an arrow. The arrow barely misses the orc priest.
The orc priest closely misses you.
The orc priest hits you but does no damage.
The orc priest hits you with a +0 flail.
You die...

##### ##### #...# ##### ..# #...#
## ####...###...# ..# #...# #.
........##...# ...# #...####.
........##...# ...# #........
........##...# ....# #........
........##...#####...######......
.##.............))...#...##......
###.............@o.###...##......
##.......%.....o...............
#.....##........###...##......
####..[..###'#########...##......
.............#.......#...#......#
####.....#####.......#.).#.......
.........................+.......
.%........####.......#####.......
.########.#####.#####......#.....


You could see 2 orc priests.

Vanquished Creatures
  A scorpion (D:4)
  A bombardier beetle (D:4)
  An orc priest (D:4)
  An iguana (D:3)
  A gnoll bouda (D:4)
  An orc wizard (D:4)
  6 adders
  4 gnolls (D:4)
  A dart slug (D:3)
  3 ribbon worms (D:3)
  5 orcs
  6 endoplasms
  4 giant cockroaches
  12 goblins
  6 hobgoblins
  3 kobolds
  5 quokkas
  5 ball pythons
  4 bats
  3 frilled lizards
  2 rats
75 creatures vanquished.

Notes
Turn   | Place    | Note
-------+----------+-------------------------------------------
     0 | D:1      | qw the Deep Elf Hunter began the quest for the Orb.
     0 | D:1      | Reached XP level 1. HP: 12/12 MP: 3/3
     0 | D:1      | 0 ||| qw: Version: 0.3-a-160-g6735b56
     0 | D:1      | 0 ||| qw: Game counter: 5765
     0 | D:1      | 0 ||| qw: Melee chars always use a shield: true
     0 | D:1      | 0 ||| qw: God list: Okawaru
     0 | D:1      | 0 ||| qw: Allow faded altars: false
     0 | D:1      | 0 ||| qw: Do Orc after clearing Dungeon:15 true
     0 | D:1      | 0 ||| qw: Do second Lair branch before Depths: true
     0 | D:1      | 0 ||| qw: Lair rune preference: random
     0 | D:1      | 0 ||| qw: Goals: Normal
     0 | D:1      | 0 ||| PLANNING D:1-11
   153 | D:1      | Reached XP level 2. HP: 16/16 MP: 4/4
   236 | D:1      | Reached skill level 6 in Ranged Weapons
   696 | D:1      | 696 ||| UPGRADING to +0 scale mail.
   706 | D:1      | 706 ||| DROPPING +0 leather armour.
   707 | D:1      | 707 ||| UPGRADING to +6 ring of dexterity.
   708 | D:1      | 708 ||| UPGRADING to +4 ring of protection.
   709 | D:1      | 709 ||| READING scroll labelled WUZOCO FASOTWI.
   713 | D:1      | 713 ||| READING scroll labelled EPLURALISH.
   743 | D:1      | 743 ||| DROPPING scroll of butterflies.
   843 | D:2      | Reached XP level 3. HP: 20/20 MP: 5/5
   871 | D:2      | Reached skill level 7 in Ranged Weapons
  1411 | D:2      | Found a radiant altar of Vehumet.
  1461 | D:2      | 1461 ||| READING scroll labelled HARENWEYGG.
  1461 | D:2      | 1461 ||| ENCHANTING +0 shortbow.
  1462 | D:2      | 1462 ||| DRINKING 2 bubbling pink potions.
  1498 | D:3      | Reached XP level 4. HP: 25/25 MP: 6/6
  1672 | D:3      | HP: 3/25 [iguana (6)]
  1677 | D:3      | HP: 2/25 [iguana (1)]
  1679 | D:3      | Reached skill level 8 in Ranged Weapons
  2113 | D:3      | Reached XP level 5. HP: 29/29 MP: 7/7
  2384 | D:3      | 2384 ||| UPGRADING to +0 ring mail.
  2394 | D:3      | 2394 ||| DROPPING +0 scale mail.
  2395 | D:3      | 2395 ||| READING 2 scrolls labelled TABEACV DOHADD.
  2396 | D:3      | 2396 ||| READING scroll labelled NUKAJO ALYOSUCW.
  2397 | D:3      | 2397 ||| READING 3 scrolls labelled GOZXUU AQIUTHE.
  2397 | D:3      | 2397 ||| IDENTIFYING puce potion
  2398 | D:3      | 2398 ||| READING 2 scrolls of identify.
  2398 | D:3      | 2398 ||| IDENTIFYING metallic white potion
  2399 | D:3      | 2399 ||| READING scroll of identify.
  2399 | D:3      | 2399 ||| IDENTIFYING 2 cyan potions
  2400 | D:3      | 2400 ||| DROPPING scroll of revelation.
  2402 | D:3      | 2402 ||| Stepping ~*~*~tactically~*~*~ (cloud).
  2407 | D:3      | HP: 7/29 [poisoned by you (poison gas)]
  2747 | D:4      | Reached skill level 3 in Dodging
  2849 | D:4      | 2849 ||| RETREEEEATING.
  2852 | D:4      | 2852 ||| RETREEEEATING.
  2863 | D:4      | Reached skill level 9 in Ranged Weapons
  2948 | D:4      | Reached XP level 6. HP: 36/36 MP: 8/8
  3163 | D:4      | 3163 ||| DRINKING 2 potions of curing.
  3163 | D:4      | 3163 ||| (to cure confusion)
  3173 | D:4      | HP: 4/36 [orc priest/nerve-wracking pain (8)]
  3177 | D:4      | Slain by an orc priest

Levels and vault maps discovered:
D:1:      dreamdust_arrival_beginning_and_end, layout_loops_ring,
          amcnicky_mini_rare_corridor_liquid
D:2:      layout_basic, basic_altar
D:3:      layout_basic, serial_rivers, chequers_serial_rivers_marsh,
          chequers_serial_rivers_small_b, chequers_serial_rivers_micro_b,
          chequers_serial_rivers_room_b, chequers_serial_rivers_micro_c,
          chequers_serial_rivers_room_b
D:4:      layout_basic, minmay_temple_entry_statues_pillars, dk_rats_in_the_wall

Skill      XL: |  1  2  3  4  5 |
---------------+----------------+-----
Ranged Weapons | 6 7 8 9 |  9.4
Dodging        | 3 |  3.3
Fighting       | 2 |  2.4
Stealth        | |  1.2

Action                     |  1- 3 |  4- 6 || total
---------------------------+-------+-------++-------
   Fire: Shortbow          |    89 |   145 ||   234
    Use: Scroll            |     3 |     5 ||     8
         Potion            |     1 |     1 ||     2
 Armour: Leather armour    |     8 |       ||     8
         Scale mail        |     9 |    29 ||    38
         Ring mail         |       |    41 ||    41
  Dodge: Dodged            |    20 |    54 ||    74

Table legend:
 A = Non-vault XP
 B = Vault XP
 C = Vault XP percentage of total XP
 D = Non-vault monster count
 E = Vault monster count
 F = Vault count percentage of total count
                 A         B        C        D         E       F
            +---------+---------+-------+---------+---------+-------
      Total |     533 |       0 |   0.0 |      75 |       0 |   0.0
            +---------+---------+-------+---------+---------+-------
        D:1 |      36 |       0 |   0.0 |      21 |       0 |   0.0
        D:2 |      60 |       0 |   0.0 |      15 |       0 |   0.0
        D:3 |     120 |       0 |   0.0 |      21 |       0 |   0.0
        D:4 |     317 |       0 |   0.0 |      18 |       0 |   0.0
            +---------+---------+-------+---------+---------+-------
